 Dungeon Crawl Stone Soup version 0.22-a0-224-g8cf3520 (webtiles) character file.

13 tidbits the Insei (level 2, -5/23 HPs)
             Began as a Gnoll Transmuter on Feb 20, 2018.
             Slain by Purgy (9 damage)
             ... on level 3 of the Dungeon.
             The game lasted 00:01:25 (129 turns).

tidbits the Insei (Gnoll Transmuter)                 Turns: 129, Time: 00:01:26

Health: -5/23      AC:  2    Str: 12    XL:     2   Next: 37%
Magic:  7/7        EV: 14    Int: 20    God:
Gold:   37         SH:  0    Dex: 15    Spells: 9/10 levels left

rFire    . . .     SeeInvis .     - Unarmed
rCold    . . .     Gourm    .   (no shield)
rNeg     . . .     Faith    .   b - +0 robe
rPois    .         Spirit   .   (no helmet)
rElec    .         Reflect  .   (no cloak)
rCorr    .         Harm     .   (no gloves)
MR       .....                  (no boots)
Stlth    ++........             (no amulet)
HPRegen  0.07/turn              (no ring)
MPRegen  0.10/turn              (no ring)

@: brilliant, lethally poisoned (-5 -> -9)
A: distributed training, fangs 1, strong nose
a: no special abilities


You were on level 3 of the Dungeon.
You were not hungry.

You visited 1 branch of the dungeon, and saw 3 of its levels.

You collected 37 gold pieces.

Inventory:

Hand Weapons
 f - a +0 dagger
Missiles
 a - 12 arrows
 e - 19 bolts
Armour
 b - a +0 robe (worn)
Comestibles
 c - a ration


   Skills:
 + Level 2.4 Fighting
 + Level 0.3 Short Blades
 + Level 0.3 Long Blades
 + Level 0.3 Axes
 + Level 0.3 Maces & Flails
 + Level 0.3 Polearms
 + Level 0.3 Staves
 + Level 0.3 Slings
 + Level 0.3 Bows
 + Level 0.3 Crossbows
 + Level 0.3 Throwing
 + Level 0.3 Armour
 + Level 4.4 Dodging
 + Level 0.3 Stealth
 + Level 0.3 Shields
 + Level 6.4 Unarmed Combat
 + Level 4.9 Spellcasting
 + Level 0.2 Conjurations
 + Level 0.2 Hexes
 + Level 0.2 Charms
 + Level 0.2 Summonings
 + Level 0.2 Necromancy
 + Level 0.2 Translocations
 + Level 3.7 Transmutations
 + Level 0.2 Fire Magic
 + Level 0.2 Ice Magic
 + Level 0.2 Air Magic
 + Level 0.2 Earth Magic
 + Level 0.2 Poison Magic
 + Level 0.4 Invocations
 + Level 0.3 Evocations


You had 9 spell levels left.
You knew the following spells:

 Your Spells              Type           Power        Failure   Level  Hunger
e - Beastly Appendage     Tmut           ####..       1%          1    None


Dungeon Overview and Level Annotations

Branches:
Dungeon (3/15)

Altars:

Annotations:
D:3 Purgy


Innate Abilities, Weirdness & Mutations

Your experience applies equally to all skills.
You have very sharp teeth.
Your uncanny sense of smell can sniff out nearby items.


Message History

The ooze moves out of view.
A hobgoblin comes into view. It is wielding a club.
The hobgoblin shouts!
Found a stone staircase leading down.
Your horns disappear.
Found 15 gold pieces.
A kobold comes into view.
The kobold shouts!
The kobold throws a stone.
The stone hits you but does no damage.
You see here a stone.
Casting: Beastly Appendage (safe; 3% risk of failure)
Confirm with . or Enter, or press ? or * to list all spells.
You miscast Beastly Appendage.
You are very lightly contaminated with residual magic.
Strange energies run through your body.
The ooze jiggles.
Casting: Beastly Appendage (safe; 3% risk of failure)
Confirm with . or Enter, or press ? or * to list all spells.
Your feet morph into talons.
Your transformation is almost over.
You punch the ooze!
You kill the ooze!
You have reached level 2!
You hit the hobgoblin.
The hobgoblin is severely wounded.
The hobgoblin barely misses you.
You hit the hobgoblin.
You kill the hobgoblin!
The quokka barely misses you.
You closely miss the quokka. The quokka barely misses you.
The kobold misses you.
You closely miss the quokka. You bite the quokka, but do no damage.
The quokka misses you. The kobold misses you.
You closely miss the quokka. You claw the quokka, but do no damage.
Your bite misses the quokka. The quokka bites you.
The kobold closely misses you.
You hit the quokka but do no damage. The quokka closely misses you.
You barely miss the quokka. The kobold closely misses you.
The quokka bites you.
You closely miss the quokka. The quokka misses you.
The kobold closely misses you.
You barely miss the quokka. Your kick misses the quokka.
Your bite misses the quokka.
Your talons disappear.
The quokka misses you. The kobold completely misses you.
You punch the quokka!
You kill the quokka!
The kobold barely misses you.
You completely miss the kobold. The kobold hits you.
You hit the kobold.
You kill the kobold!
Things that are here:
a club; a hobgoblin corpse
Things that are here:
a stone; a kobold corpse
Found a dagger.
There is a stone staircase leading down here.
You climb downwards.
A rat comes into view.
Your magical contamination has completely faded away.
There is a stone staircase leading up here.
Casting: Beastly Appendage (safe; 3% risk of failure)
Confirm with . or Enter, or press ? or * to list all spells.
Your feet morph into talons.
You barely miss the rat. Your kick misses the rat. The rat closely misses you.
You hit the rat but do no damage. You claw the rat.
The rat is severely wounded.
You barely miss the rat. Your kick misses the rat.
You kill the rat!
Your transformation is almost over.
You climb upwards.
There is a stone staircase leading down here.
Found 4 gold pieces.
You see here 4 gold pieces.
You now have 22 gold pieces (gained 4).
Your talons disappear.
Found a stone staircase leading down.
You see here 9 gold pieces.
You now have 31 gold pieces (gained 9).
You see here 6 gold pieces.
You now have 37 gold pieces (gained 6).
There is a stone staircase leading down here.
You climb downwards.
An adder and Purgy come into view.
Purgy shouts!
The adder hisses angrily.
Purgy bites you. Purgy claws you. Purgy barely misses you. Purgy bites you!
* * * LOW HITPOINT WARNING * * *
Purgy barely misses you. Purgy closely misses you.
Found a stone staircase leading up.
There is a stone staircase leading up here.
It was a potion of brilliance.
You feel clever all of a sudden. The adder barely misses you.
Purgy closely misses you. Purgy barely misses you. Purgy claws you.
* * * LOW HITPOINT WARNING * * *
The adder bites you.
* * * LOW HITPOINT WARNING * * *
You are lethally poisoned!
The adder poisons you! Purgy bites you!
You die...

.# ## ##.##
##..######...#
#........#...##
...⌠...<.#....##
#........#.....#
##..######<....#
## #.T@S...#
#......##
#.#...## #.#####
#


You could see Purgy and an adder.

Vanquished Creatures
  An ooze (D:2)
  A bat (D:2)
  2 goblins
  A hobgoblin (D:2)
  A kobold (D:2)
  A quokka (D:2)
  A rat (D:3)
8 creatures vanquished.

Vanquished Creatures (others)
  A goblin (D:3)
1 creature vanquished.

Grand Total: 9 creatures vanquished

Notes
Turn   | Place    | Note
-------+----------+-------------------------------------------
     0 | D:1      | tidbits the Gnoll Transmuter began the quest for the Orb.
     0 | D:1      | Reached XP level 1. HP: 17/17 MP: 6/6
    81 | D:2      | Reached XP level 2. HP: 23/23 MP: 4/7
   127 | D:3      | Noticed Purgy
   129 | D:3      | Slain by Purgy

Vault maps used:
D:1:      scummos_arrival_simple_fountains
D:2:      yredelemnul_forgotten_temple_becter, first_ration,
          minmay_misc_feat_doors, minmay_pentomino_x2
D:3:      nicolae_overflow_hidden_temple, grunt_ministairs_14,
          lemuel_flame_loot_1, uniq_jessica, uniq_purgy

Action                   || total
-------------------------++-------
Melee: Unarmed           ||    20
       Bite              ||     3
       Punch             ||     1
       Kick              ||     2
 Cast: Beastly Appendage ||     4
  Use: Potion            ||     1
Dodge: Dodged            ||    22

Table legend:
 A = Spawn XP
 B = Non-spawn XP
 C = Spawn XP percentage of total XP
 D = Spawn monster count
 E = Non-spawn monster count
 F = Spawn count percentage of total count
 G = Total turns spent on level
                    A         B        C        D         E        F      G
               +---------+---------+-------+---------+---------+-------+---------
         Total |       0 |      19 |   0.0 |       0 |       8 |   0.0 |   129
               +---------+---------+-------+---------+---------+-------+---------
           D:1 |       0 |       2 |   0.0 |       0 |       1 |   0.0 |    58
           D:2 |       0 |      16 |   0.0 |       0 |       6 |   0.0 |    62
           D:3 |       0 |       1 |   0.0 |       0 |       1 |   0.0 |     9
               +---------+---------+-------+---------+---------+-------+---------

Table legend:
 A = Turns spent in this place as a percentage of turns spent in the entire game.
 B = Non-inter-level travel turns spent in this place as a percentage of non-inter-level travel turns spent in the entire game.
 C = Inter-level travel turns spent in this place as a percentage of turns spent in this place.
 D = Turns resting spent in this place as a percentage of non-inter-level travel turns spent in this place.
 E = Turns spent auto-exploring this place as a percentage of non-inter-level travel turns spent in this place.
 F = Non-inter-level travel turns spent in this place divided by the number of levels of this place that you've seen.
                   A       B       C       D       E      F
               +-------+-------+-------+-------+-------+----------------------
         Total | 100.0 | 100.0 |   0.0 |   0.0 |   0.0 |  43.0
       Dungeon | 100.0 | 100.0 |   0.0 |   0.0 |   0.0 |  43.0
               +-------+-------+-------+-------+-------+----------------------

Table legend:
 A = Kills in this place as a percentage of kills in entire the game.
 B = Kills by you in this place as a percentage of kills by you in the entire game.
 C = Kills by friends in this place as a percentage of kills by friends in the entire game.
 D = Other kills in this place as a percentage of other kills in the entire game.
 E = Experience gained in this place as a percentage of experience gained in the entire game.
 F = Experience gained in this place divided by the number of levels of this place that you have seen.
                   A       B       C       D       E      F
               +-------+-------+-------+-------+-------+----------------------
         Total | 100.0 | 100.0 |   N/A |   N/A | 100.0 |   6.3
       Dungeon | 100.0 | 100.0 |   N/A |   N/A | 100.0 |   6.3
               +-------+-------+-------+-------+-------+----------------------

Vault maps used:
D:1:      scummos_arrival_simple_fountains
D:2:      yredelemnul_forgotten_temple_becter, first_ration,
          minmay_misc_feat_doors, minmay_pentomino_x2
D:3:      nicolae_overflow_hidden_temple, grunt_ministairs_14,
          lemuel_flame_loot_1, uniq_jessica, uniq_purgy
